 Dungeon Crawl Stone Soup version 0.28-a0-1616-g050a50673c (webtiles) character file.

Game seed: 4205861976022594777

51 porpoise the Sneak (level 3, -20/29 HPs)
             Began as a Demonspawn Delver on Jan 23, 2022.
             Demolished by an ogre (26 damage)
             ... on level 3 of the Dungeon.
             The game lasted 00:07:45 (2194 turns).

porpoise the Sneak (Demonspawn Delver)              Turns: 2194, Time: 00:07:45

Health: -20/29     AC:  5    Str: 14    XL:     3   Next: 58%
Magic:  3/3        EV: 11    Int: 13    God:
Gold:   132        SH:  0    Dex: 14    Spells: 2/2 levels left

rFire   . . .      SeeInvis .   a - +0 mace
rCold   . . .      Faith    .   (no shield)
rNeg    . . .      Spirit   .   r - +0 ring mail
rPois   .          Reflect  .   (no helmet)
rElec   .          Harm     .   (no cloak)
rCorr   .          Rampage  .   (no gloves)
Will    .....                   (no boots)
Stlth   ++........              (no amulet)
HPRegen 0.09/turn               (no ring)
MPRegen 0.08/turn               (no ring)

@: no status effects
A: powered by death 1, big brain 1
a: no special abilities


You were on level 3 of the Dungeon.
You visited 1 branch of the dungeon, and saw 5 of its levels.

You collected 132 gold pieces.

Inventory:

Hand Weapons
 a - a +0 mace (weapon)
Missiles
 l - 4 atropa-tipped darts (quivered)
 n - 9 poisoned darts
 p - 43 stones
 q - 23 arrows
Armour
 r - a +0 ring mail (worn)
Wands
 g - a wand of digging (3)
Scrolls
 c - a scroll of fog
 d - a scroll of magic mapping
 e - a scroll of fear
 j - 2 scrolls of identify {unknown}
 k - a scroll of enchant armour {unknown}
 m - 2 scrolls of noise {unknown}
 s - a scroll of amnesia {unknown}
Potions
 b - a potion of mutation {unknown}
 f - a potion of haste
 h - a potion of magic {unknown}
 i - a potion of ambrosia {unknown}
 o - a potion of degeneration {unknown}


   Skills:
 * Level 3.6 Fighting
 * Level 2.5 Maces & Flails
 - Level 1.7 Dodging
 + Level 5.0 Stealth


You had 2 spell levels left.
You didn't know any spells.
Your spell library was empty.

Dungeon Overview and Level Annotations

Branches:
Dungeon (5/15)
 Temple: D:4-7

Altars:
Hepliaklqana
The Shining One

Shops:
D:4 =!

Annotations:
D:3 Terence


Innate Abilities, Weirdness & Mutations

You regenerate a little health from kills.
You have an unusually large brain. (Int +2)


Message History

A hobgoblin comes into view.
An ogre comes into view. It is wielding a +0 giant spiked club.
Found a scroll of magic mapping.
The ogre shouts!
A goblin comes into view. It is wielding a +0 club.
Throw: 6 darts (atropa)
Press: ? - help, Q - select action, (/) - cycle Shift-Dir - straight line, f - ogre
Aim: an ogre, wielding a +0 giant spiked club (74% to hit, chance to blind on hit: 58%)
You throw an atropa-tipped dart. The atropa-tipped dart hits the ogre.
The ogre resists.
Throw: 5 darts (atropa)
Press: ? - help, Q - select action, (/) - cycle Shift-Dir - straight line, f/p - ogre
Aim: an ogre, wielding a +0 giant spiked club (74% to hit, chance to blind on hit: 58%)
You throw an atropa-tipped dart. The atropa-tipped dart hits the ogre.
The ogre resists.
You hit the ogre.
The ogre is lightly wounded.
The ogre closely misses you.
You hit the ogre.
The ogre is moderately wounded.
The ogre barely misses you.
You sock the ogre!
The ogre is heavily wounded.
The ogre hits you with a +0 giant spiked club!!
Ouch! That really hurt!
* * * LOW HITPOINT WARNING * * *
You hit the ogre but do no damage.
The ogre is heavily wounded.
The ogre barely misses you.
You barely miss the ogre.
The ogre is heavily wounded.
The ogre misses you.
You sock the ogre! Your punch misses the ogre.
The ogre is almost dead.
The ogre barely misses you.
You hit the ogre.
The ogre is almost dead.
The ogre hits you with a +0 giant spiked club!!
Ouch! That really hurt!
You die...

........?
##...O....
#.......# #g......#
###.......#
#........## .
##......## ..# ###
#### #..(#####.....
..#
#..###...(O@...#
.##
#.......#######..#
.# #.....>....# .#
#......###..# .#
#......####)..
.#####.............
............##### #
#####.#....##
###.#...†#


You could see an ogre.

Vanquished Creatures
  3 dart slugs (D:1)
  5 endoplasms
  3 giant cockroaches
  5 goblins
  3 hobgoblins
  2 jackals (D:1)
  2 kobolds (D:1)
  3 quokkas
  6 ball pythons
  3 bats
  A frilled lizard (D:2)
  3 rats (D:2)
39 creatures vanquished.

Vanquished Creatures (others)
  2 fungi (D:2)
  4 plants (D:2)
6 creatures vanquished.

Grand Total: 45 creatures vanquished

Notes
Turn   | Place    | Note
-------+----------+-------------------------------------------
     0 | D:5      | porpoise the Demonspawn Delver began the quest for the Orb.
     0 | D:5      | Reached XP level 1. HP: 18/18 MP: 1/1
    65 | D:5      | Noticed a howler monkey
    86 | D:3      | Noticed Terence
   103 | D:4      | Noticed an iguana
   304 | D:4      | Found Qacrec's Jewellery Shoppe.
   308 | D:4      | Found a hazy altar of Hepliaklqana.
   310 | D:4      | Found Noydej Qidi's Distillery.
   311 | D:4      | Noticed a scorpion
   434 | D:2      | Gained mutation: You regenerate a little health from kills.
                  | [demonic ancestry]
   434 | D:2      | Reached XP level 2. HP: 24/24 MP: 2/2
   893 | D:1      | Gained mutation: You have an unusually large brain. (Int
                  | +2) [demonic ancestry]
   893 | D:1      | Reached XP level 3. HP: 22/29 MP: 3/3
  2044 | D:2      | Found a faded altar of an unknown god.
  2050 | D:2      | Reached skill level 5 in Stealth
  2175 | D:3      | Noticed an ogre
  2194 | D:3      | Demolished by an ogre

Illustrated notes

Levels and vault maps discovered:
D:1:      matt_arrival_grand_opening, layout_basic
D:2:      layout_rooms, shapermc_ecumenical_altar_mp_urbaneastern,
          glass_columns_a
D:3:      layout_rooms, serial_shops, shop, chequers_big_river,
          dk_noncrumbling_2, uniq_terence
D:4:      minmay_polygon_palace, layout_basic, mainiacjoe_overflow_catwalk,
          cheibrodos_sewer_entry_sluice, serial_shops,
          nicolae_shop_behind_doors, kennysheep_mini_moat,
          nicolae_lakefront_shop, shop, shop, kennysheep_generic_room_8
D:5:      layout_basic, amcnicky_altar_gilded, minmay_temple_entry_junction

Skill      XL: |  1  2  3 |
---------------+----------+-----
Maces & Flails | 2 |  2.5
Stealth        | 5 |  5.0
Fighting       | |  3.6
Dodging        | |  1.7

Action                   || total
-------------------------++-------
Melee: Mace              ||   110
       Punch             ||     1
Throw: Dart              ||     2
 Stab: Sleeping          ||    11
Armor: Leather armour    ||    22
       Ring mail         ||     2
Dodge: Dodged            ||    73

Table legend: (Time is in decaauts)
 A = Elapsed time spent in this place.
 B = Non-inter-level travel time spent in this place.
 C = Inter-level travel time spent in this place.
 D = Time resting spent in this place.
 E = Time spent auto-exploring this place.
 F = Levels seen in this place.
 G = Mean time per level.
                   A        B        C        D        E       F      G
               +--------+--------+--------+--------+--------+-----+--------+
         Total |   2228 |   2176 |     52 |    678 |    760 |   5 |  445.6 |
       Dungeon |   2228 |   2176 |     52 |    678 |    760 |   5 |  445.6 |
               +--------+--------+--------+--------+--------+-----+--------+

Top non-repeatable levels by time:
     D:1: 1216 daAuts
     D:2: 491 daAuts
     D:4: 244 daAuts
     D:3: 204 daAuts
     D:5: 72 daAuts
